Map: Echo LE (Void)

Players

BossTerraN

  • Race: Terran Terran
  • League: Master
  • Spawn Location: 11:00

Zatranis - Winner!

  • Race: Zerg Zerg
  • League: Master
  • Spawn Location: 5:00

VOD

Have the link to the VOD?

Description

Time

  • Played on: Dec. 13, 2016, 11:35 p.m.
  • Length: 9:45
Show
View Real Time Build Order
Export as new Build Order

BossTerraN Terran 

Build Orders: Reaper Expand, MMM Bio 

Get SALT Encoding   

  12  0:00  SCV  
  13  0:13  SCV  
  14  0:17  Supply Depot  
  14  0:25  SCV  
  15  0:39  SCV  
  15  0:40  Barracks  
  16  0:44  Refinery  
  16  0:51  SCV  
  17  1:03  SCV  
  18  1:15  SCV  
  19  1:28  Orbital Command, Reaper  
  20  1:39  Command Center  
  20  1:52  Supply Depot  
  20  1:53  SCV  
  21  2:01  Barracks Reactor  
  21  2:05  SCV  
  21  2:06  Barracks  
  22  2:17  SCV  
  22  2:21  Factory  
  23  2:26  Refinery  
  23  2:29  SCV  
  24  2:38  Marine x2  
  24  2:41  SCV  
  27  2:53  Marine  
  27  2:54  SCV  
  27  2:55  Marine  
  30  3:06  SCV  
  31  3:13  Barracks Tech Lab  
  31  3:15  Orbital Command  
  31  3:18  SCV  
  32  3:20  Marine, Starport  
  32  3:21  Marine  
  34  3:30  SCV  
  34  3:31  Marine  
  34  3:32  Stimpack  
  36  3:34  Starport  
  36  3:37  Factory Reactor  
  36  3:38  Marine x2  
  36  3:41  SCV  
  38  3:43  SCV  
  38  3:49  Marine  
  38  3:53  SCV  
  40  3:56  Marine x2  
  40  3:58  SCV  
  43  4:04  Supply Depot  
  43  4:07  Marine  
  43  4:08  Supply Depot  
  44  4:14  SCV, Marine  
  46  4:25  Supply Depot, Medivac x2, Marine x2, SCV  
  46  4:26  SCV  
  54  4:32  Marine  
  54  4:38  SCV x2  
  57  4:39  Factory Reactor  
  57  4:43  Marine x2  
  59  4:48  Supply Depot  
  59  4:49  Marine  
  59  4:50  SCV x2  
  62  5:01  Marine  
  62  5:02  Command Center, SCV  
  62  5:03  SCV  
  65  5:09  Bunker  
  65  5:10  Marine x2  
  67  5:14  SCV  
  67  5:15  SCV  
  67  5:18  Medivac x2  
  67  5:19  Marine  
  74  5:24  Supply Depot  
  74  5:26  SCV  
  75  5:28  Engineering Bay  
  75  5:33  SCV, Marine  
  75  5:34  Engineering Bay  
  74  5:47  Marine x2, Combat Shields  
  74  5:48  SCV  
  76  5:54  SCV  
  77  5:57  Refinery  
  77  5:59  Refinery  
  77  6:00  SCV  
  77  6:04  Terran Infantry Weapons Level 1, Terran Infantry Armor Level 1  
  78  6:06  SCV  
  78  6:08  Marine  
  78  6:09  Marine x2  
  86  6:13  SCV  
  86  6:17  Orbital Command  
  83  6:18  SCV  
  83  6:22  Factory Tech Lab  
  85  6:25  SCV  
  85  6:30  Medivac x2, Marine x2, SCV  
  90  6:37  SCV, Barracks  
  90  6:39  Marine  
  92  6:40  Barracks x2  
  92  6:43  SCV  
  93  6:47  Marine  
  93  6:48  Marine  
  93  6:49  SCV, Armory  
  93  6:51  SCV  
  93  6:54  Supply Depot  
  97  6:55  SCV, Siege Tank  
  101  7:01  Armory  
  101  7:11  Marine x2  
  101  7:12  SCV  
  101  7:13  Marine  
  102  7:15  SCV  
  97  7:25  Marine x2  
  97  7:29  Orbital Command, SCV, Marine x2  
  83  7:30  Marine  
  83  7:35  Barracks Tech Lab, Barracks Reactor  
  83  7:37  SCV  
  83  7:43  Siege Tank  
  84  7:44  SCV  
  84  7:47  Marine x3  
  84  7:48  Marauder, Marine  
  91  7:52  SCV  
  91  7:56  SCV  
  91  7:58  Marauder  
  96  8:05  Marine x2  
  93  8:06  Barracks  
  93  8:08  Marine  
  93  8:09  Marauder, Marine  
  91  8:15  Siege Tank  
  91  8:16  Marine x2  
  91  8:17  Orbital Command  
  91  8:19  Marauder  
  93  8:22  Marine  
  93  8:23  Marine  
  93  8:26  Marine  
  86  8:27  Marine  
  86  8:30  Marauder  
  86  8:33  Marine x2  
  82  8:38  Medivac x2  
  82  8:40  Marine  
  82  8:41  Marauder, Marine  
  89  8:44  Marine  
  89  8:46  SCV  
  89  8:47  Siege Tank  
  88  8:48  Marine  
  88  8:50  SCV  
  88  8:51  Marine  
  88  8:52  Marauder  
  91  8:58  SCV x2  
  91  9:00  Orbital Command  
  91  9:02  Marauder  
  78  9:08  Medivac  
  74  9:28  SCV  
Show
View Real Time Build Order
Export as new Build Order

Zatranis Zerg - Winner!

Build Orders: Hatch First 

Get SALT Encoding   

  12  0:01  Drone  
  13  0:13  Overlord  
  13  0:17  Drone  
  14  0:31  Drone x2  
  16  0:37  Drone  
  17  0:53  Hatchery  
  17  0:55  Drone  
  17  0:58  Drone  
  17  1:02  Extractor  
  17  1:15  Spawning Pool  
  17  1:18  Drone  
  17  1:23  Drone  
  18  1:31  Drone  
  19  1:40  Overlord  
  19  2:02  Queen  
  19  2:04  Queen  
  19  2:05  Zergling x4  
  19  2:06  Zergling x2  
  26  2:10  Metabolic Boost  
  26  2:15  Drone  
  27  2:19  Drone  
  28  2:23  Drone  
  28  2:29  Drone  
  30  2:46  Spore Crawler  
  30  2:47  Pneumatized Carapace  
  30  2:50  Queen  
  33  2:58  Drone x2  
  33  3:03  Drone  
  33  3:04  Drone  
  33  3:05  Overlord  
  35  3:06  Drone  
  35  3:13  Drone  
  36  3:31  Drone x2  
  36  3:32  Drone  
  39  3:41  Hatchery  
  38  3:44  Drone x2  
  40  3:49  Roach Warren  
  40  3:50  Extractor  
  40  3:51  Extractor  
  40  3:53  Drone x4  
  40  3:54  Drone  
  42  3:58  Overlord  
  42  4:02  Drone x2  
  44  4:06  Overlord  
  44  4:10  Lair  
  44  4:18  Drone x4  
  44  4:22  Drone  
  49  4:28  Roach  
  49  4:29  Roach x2  
  55  4:38  Evolution Chamber  
  54  4:39  Roach, Evolution Chamber  
  54  4:45  Roach x2  
  59  4:46  Drone  
  59  4:51  Overlord  
  60  4:56  Queen  
  62  5:00  Drone  
  62  5:01  Drone  
  62  5:06  Extractor, Drone  
  65  5:07  Drone x2  
  65  5:09  Glial Reconstitution  
  66  5:19  Zerg Ground Armor Level 1, Zerg Missile Weapons Level 1  
  66  5:21  Roach  
  66  5:23  Drone x2  
  66  5:26  Drone x2  
  72  5:30  Roach  
  74  5:37  Overlord x2  
  70  5:44  Roach x2  
  70  5:45  Overlord  
  70  5:47  Roach  
  71  5:52  Ravager x2  
  71  5:56  Roach x3  
  79  6:03  Drone x3  
  76  6:05  Queen  
  78  6:18  Overlord  
  78  6:20  Roach x4  
  78  6:21  Roach  
  88  6:32  Drone x4  
  89  6:37  Queen  
  89  6:39  Roach  
  95  6:40  Roach  
  95  6:41  Extractor  
  95  6:43  Roach  
  95  6:44  Roach  
  98  6:49  Spore Crawler  
  98  6:50  Drone  
  98  6:53  Drone x2  
  100  6:57  Overlord  
  100  7:05  Drone x2  
  100  7:08  Overlord  
  102  7:17  Roach x4  
  102  7:20  Roach x5  
  109  7:26  Roach  
  109  7:27  Roach  
  112  7:31  Drone x2  
  114  7:46  Roach x2  
  114  7:47  Roach x2  
  114  7:50  Overlord x2  
  122  7:54  Overlord  
  122  7:57  Overlord  
  118  8:09  Drone x10  
  128  8:13  Roach x2  
  128  8:17  Overlord  
  132  8:25  Roach x2  
  132  8:26  Roach x2  
  122  8:36  Roach x4  
  116  8:50  Roach x8  
  120  9:12  Roach x4  
  128  9:18  Roach x2  
  128  9:19  Roach  
  134  9:25  Hatchery  
  134  9:28  Hatchery  
Tags
 
Add a new tag
Caveats
  • Supply blocks, unpowered buildings, or Contaminate may cause inaccurate times.
  • Supply counts are checked every 10 seconds.